 Dungeon Crawl Stone Soup version 0.31-a0-164-g2312942fda (webtiles) character file.

Game seed: 4299347609069669544

21320 Dittersdorf the Fighter (level 12, -4/81 HPs)
             Began as a Gargoyle Fighter on June 13, 2023.
             Was the Champion of Okawaru.
             Killed by divine providence
             ... invoked by a meliai
              (15 damage)
             ... on level 2 of the Lair of Beasts.
             The game lasted 00:15:49 (11465 turns).

Dittersdorf the Fighter (Gargoyle Fighter)         Turns: 11465, Time: 00:15:50

Health: -4/81      AC: 28    Str: 24    XL:     12   Next: 88%
Magic:  12/12      EV: 10    Int: 15    God:    Okawaru [******]
Gold:   346        SH:  6    Dex:  9    Spells: 9/11 levels left

rFire   . . .        F - +4 morningstar (freeze)
rCold   + . .        c - +0 buckler
rNeg    + . .        w - +4 ring mail {Will+}
rPois   ∞            q - +1 helmet {Int+3}
rElec   +            (no cloak)
rCorr   +            y - +2 pair of gloves
SInv    .            b - +0 pair of boots of Biubas {Rampage rC+ Int+2}
Will    ++...        e - amulet of magic regeneration Stlth
                     B - ring of willpower
HPRegen 0.33/turn    k - ring of resist corrosion
MPRegen 0.53/turn

%: rampage
@: no status effects
A: sickness immunity, AC +8, negative energy resistance 1, electricity
resistance, torment resistance 1, petrification resistance
a: Renounce Religion, Heroism, Finesse, Duel


You were on level 2 of the Lair of Beasts.
You worshipped Okawaru.
Okawaru was exalted by your worship.
You visited 2 branches of the dungeon, and saw 12 of its levels.

You collected 686 gold pieces.
You spent 340 gold pieces at shops.

Inventory:

Hand Weapons
 F - a +4 morningstar of freezing (weapon)
Armour
 b - the +0 pair of boots of Biubas (worn) {Rampage rC+ Int+2}
   (You bought it in a shop on level 10 of the Dungeon)

   Int:       It affects your intelligence (+2).
   rC:        It protects you from cold.
   Rampage:   It bestows one free step when moving towards enemies.
 c - a +0 buckler (worn)
 q - a +1 helmet of intelligence (worn)
 w - a +4 ring mail of willpower (worn)
 y - a +2 pair of gloves (worn)
Jewellery
 e - an amulet of magic regeneration (around neck)
 f - a ring of see invisible
 j - a ring of positive energy
 k - a ring of resist corrosion (right hand)
 s - a ring of ice
 B - a ring of willpower (left hand)
Wands
 v - a wand of flame (5)
Scrolls
 i - a scroll of blinking
 n - 5 scrolls of teleportation
 o - 3 scrolls of silence
 p - 2 scrolls of poison
Potions
 a - 2 potions of attraction {unknown}
 d - 2 potions of might
 g - 2 potions of degeneration {unknown}
 h - 6 potions of curing
 l - 2 potions of haste {unknown}
 m - 4 potions of mutation {unknown}
 r - a potion of ambrosia
 t - a potion of magic
 u - a potion of brilliance
 x - a potion of heal wounds
 D - a potion of cancellation
 E - 2 potions of enlightenment {unknown}


   Skills:
 + Level 12.1 Fighting
 + Level 10.9 Maces & Flails
 + Level 12.1 Armour
 + Level 12.0 Shields


You had 9 spell levels left.
You knew the following spells:

 Your Spells              Type           Power      Damage    Failure   Level
a - Passwall              Tmut/Erth      0%         N/A       54%         2

Your spell library contained the following spells:

 Spells                   Type           Power      Damage    Failure   Level
 Ensorcelled Hibernation  Hex/Ice        0%         N/A       54%         2
 Static Discharge         Conj/Air       0%         2-2/arc   54%         2
 Portal Projectile        Hex/Tloc       0%         N/A       77%         3
 Stone Arrow              Conj/Erth      0%         3d7       77%         3
 Swiftness                Air            0%         N/A       77%         3
 Airstrike                Air            0%         2d(0-16)  99%         4
 Sticky Flame             Conj/Fire      0%         2d3       99%         4
 Blade Hands              Tmut           0%         N/A       100%        5
 Irradiate                Conj/Tmut      0%         3d11      100%        5
 Tukima's Dance           Hex            Unusable   N/A       N/A         3
 Summon Lightning Spire   Summ/Air       Unusable   N/A       N/A         4

Dungeon Overview and Level Annotations

Branches:
Dungeon (10/15)            Temple (0/1) D:4            Lair (2/5) D:8
  Swamp: Lair:2-3    Shoals: Lair:2-3     Snake: Lair:2-3    Spider: Lair:2-3
    Orc: D:9-12

Altars:
Ashenzari
Cheibriados
Elyvilon
Fedhas
Gozag
Hepliaklqana
Kikubaaqudgha
Nemelex Xobeh
Okawaru
Qazlal
Ru
Sif Muna
Trog
Vehumet
Yredelemnul
The Shining One

Shops:
D:4 *   D:5 *   D:6 *   D:10 [


Innate Abilities, Weirdness & Mutations

You are immune to sickness and miasma.
Your stone body is resilient. (AC +8)
You are immune to poison.
You resist negative energy. (rN+)
You are resistant to electric shocks. (rElec)
You are resistant to unholy torment.
You are immune to petrification.


Message History

The elephant is heavily wounded.
The meliai mumbles some strange prayers to its god against you.
Something smites you!
The elephant tramples you but does no damage.
The elephant trunk-slaps you but does no damage.
The elephant barely misses you.
The elephant trunk-slaps you but does no damage.
The elephant tramples you.
You hold your ground!
The elephant barely misses you. You block the meliai's attack.
The meliai stings you but does no damage.
You are too injured to fight recklessly!
You are too injured to fight recklessly!
You are too injured to fight recklessly!
You are too injured to fight recklessly!
You are too injured to fight recklessly!
You are too injured to fight recklessly!
You are too injured to fight recklessly!
You are too injured to fight recklessly!
You are too injured to fight recklessly!
You are too injured to fight recklessly!
The elephant attacks as you move away!
The elephant tramples you but does no damage.
The elephant trunk-slaps you but does no damage.
The elephant attacks as you move away!
The elephant tramples you but does no damage.
The elephant trunk-slaps you but does no damage.
The elephant misses you.
The elephant trunk-slaps you but does no damage.
The meliai hits you but does no damage. The meliai stings you!
A killer bee comes into view.
The killer bee buzzes angrily.
The meliai invokes the aid of its god against you.
Something smites you!
* * * LOW HITPOINT WARNING * * *
The elephant barely misses you. x2
The elephant attacks as you move away! The elephant barely misses you.
The elephant closely misses you.
The meliai calls down the wrath of its god upon you.
Something smites you!
You die...

###.#..##P#...###PP#.P#
....).................#
................#PP#.#
#.....####.##...## #
###..## #####...##
##..# #.....# #.##
##..P### # #.#
#...##y##y## .#
#...@.Y.YY.#
#......#Y...~#
###...##....~~~~
#..P##...$~~~~
#.y#####..~~~~ #..#
...~~~ .... ..~~~~ ##..
...~~~


You could see 4 elephants, a meliai and 2 killer bees.

Vanquished Creatures
  A hydra (Lair:1)
  Erica (D:8)
  6 elephants (Lair:2)
  2 black mambas (Lair:1)
  Joseph (D:9)
  6 cane toads
  A gargoyle (D:10)
  A rime drake (Lair:1)
  5 komodo dragons
  A polar bear (Lair:1)
  A hornet (D:7)
  4 blink frogs (Lair:1)
  Sigmund (D:4)
  A shadow (D:10)
  A wraith (D:10)
  5 wyverns
  A basilisk (Lair:2)
  42 yaks
  2 steam dragons
  3 vampire mosquitoes (D:10)
  Edmund (D:4)
  7 water moccasins
  A swamp drake (D:8)
  A sky beast (D:7)
  An orc warrior (D:9)
  4 black bears
  2 ice beasts
  7 wolves (Lair:1)
  3 centaurs
  2 kobold brigands
  A bullfrog (D:8)
  3 scorpions
  8 wights
  6 killer bees (D:9)
  3 howler monkeys (D:8)
  3 hounds
  7 orc priests
  5 iguanas
  2 jellies
  A sleepcap (D:6)
  6 orc wizards
  2 gnolls (D:3)
  4 adders
  A shadow imp (D:7)
  3 white imps
  A worm (D:2)
  A dart slug (D:1)
  33 orcs
  7 ball pythons
  4 bats
  9 endoplasms
  7 giant cockroaches
  8 goblins
  7 hobgoblins
  12 jackals
  2 quokkas (D:2)
  5 frilled lizards
  22 kobolds
  3 rats
291 creatures vanquished.

Vanquished Creatures (others)
  An orc wizard (D:10)
  An orc (D:8)
2 creatures vanquished.

Grand Total: 293 creatures vanquished

Notes
Turn   | Place    | Note
-------+----------+-------------------------------------------
     0 | D:1      | Dittersdorf the Gargoyle Fighter began the quest for the
                  | Orb.
     0 | D:1      | Reached XP level 1. HP: 14/14 MP: 1/1
   234 | D:1      | Reached XP level 2. HP: 19/19 MP: 2/2
   586 | D:1      | Reached XP level 3. HP: 22/23 MP: 3/3
  1551 | D:2      | Found a snail-covered altar of Cheibriados.
  1578 | D:2      | Reached XP level 4. HP: 27/29 MP: 4/4
  2156 | D:2      | Reached XP level 5. HP: 33/33 MP: 5/5
  2256 | D:3      | Found a faded altar of an unknown god.
  2382 | D:3      | Found a shimmering blue altar of Sif Muna.
  2423 | D:3      | Found a sparkling altar of Nemelex Xobeh.
  2496 | D:3      | Found a radiant altar of Vehumet.
  2555 | D:3      | Found a glowing golden altar of the Shining One.
  2555 | D:3      | Noticed a water moccasin
  2572 | D:3      | Killed a water moccasin
  2573 | D:3      | Reached XP level 6. HP: 24/39 MP: 6/6
  2631 | D:3      | Found a sacrificial altar of Ru.
  2742 | D:3      | Found an iron altar of Okawaru.
  2765 | D:3      | Became a worshipper of Warmaster Okawaru
  2783 | D:3      | Found a hazy altar of Hepliaklqana.
  2937 | D:4      | Noticed a black bear
  2959 | D:4      | Killed a black bear
  3053 | D:4      | Reached skill level 5 in Armour
  3053 | D:4      | Reached skill level 5 in Shields
  3136 | D:4      | Reached skill level 5 in Fighting
  3149 | D:4      | Reached XP level 7. HP: 42/44 MP: 7/7
  3195 | D:4      | Found Ucyasin's General Store.
  3485 | D:4      | Found a staircase to the Ecumenical Temple.
  3774 | D:4      | Noticed Edmund
  3790 | D:4      | Killed Edmund
  3870 | D:4      | Noticed Sigmund
  3879 | D:4      | Killed Sigmund
  3879 | D:4      | Reached * piety under Okawaru
  3920 | D:5      | Entered Level 5 of the Dungeon
  4063 | D:5      | Reached XP level 8. HP: 45/51 MP: 8/8
  4124 | D:5      | Reached skill level 5 in Maces & Flails
  4124 | D:5      | Found June's Assorted Antiques.
  4670 | D:6      | Reached ** piety under Okawaru
  4732 | D:6      | Found a basalt altar of Yredelemnul.
  4792 | D:6      | Found an opulent altar of Gozag.
  4793 | D:6      | Found Juloimu's Assorted Antiques.
  5377 | D:7      | Reached XP level 9. HP: 53/57 MP: 9/9
  5388 | D:7      | Noticed a hornet
  5392 | D:7      | Killed a hornet
  5495 | D:7      | Reached *** piety under Okawaru
  5942 | D:8      | Found a white marble altar of Elyvilon.
  6010 | D:8      | Reached **** piety under Okawaru
  6015 | D:8      | Reached XP level 10. HP: 21/64 MP: 10/10
  6054 | D:8      | HP: 2/65 [yak (6)]
  6296 | D:8      | Found a broken altar of Ashenzari.
  6462 | D:8      | Noticed Erica
  6472 | D:8      | Killed Erica
  6960 | D:8      | Reached ***** piety under Okawaru
  7012 | D:8      | Found a staircase to the Lair.
  7272 | D:9      | Reached XP level 11. HP: 69/71 MP: 11/11
  7805 | D:9      | Reached skill level 10 in Shields
  7856 | D:9      | Received a gift from Okawaru
  7857 | D:9      | Reached skill level 10 in Fighting
  7862 | D:9      | Reached skill level 10 in Armour
  8122 | D:9      | Noticed Joseph
  8148 | D:9      | Killed Joseph
  8535 | D:10     | Entered Level 10 of the Dungeon
  8861 | D:10     | Found a bloodstained altar of Trog.
  8992 | D:10     | Found Xibik's Antique Armour Shop.
  8999 | D:10     | Bought a pair of ancient boots for 190 gold pieces
  8999 | D:10     | Identified the +0 pair of boots of Biubas {Rampage rC+
                  | Int+2} (You bought it in a shop on level 10 of the Dungeon)
  9004 | D:10     | Bought a runed helmet for 150 gold pieces
  9270 | D:10     | Reached ****** piety under Okawaru
  9270 | D:10     | Identified the +0 scale mail of the Spider Nest {rPois
                  | rC+++ Dex-5} (Okawaru gifted it to you on level 10 of the
                  | Dungeon)
  9270 | D:10     | Received a gift from Okawaru
  9572 | D:10     | Found a stormy altar of Qazlal.
  9643 | D:10     | Found a blossoming altar of Fedhas.
  9647 | D:10     | Found an ancient bone altar of Kikubaaqudgha.
  9906 | Lair:1   | Entered Level 1 of the Lair of Beasts
  9911 | Lair:1   | Reached XP level 12. HP: 74/80 MP: 12/12
 10022 | Lair:1   | Got the Cyclopedia of Hurting
 10087 | Lair:1   | Reached skill level 10 in Maces & Flails
 10279 | Lair:1   | Learned a level 2 spell: Passwall
 10980 | Lair:2   | Noticed a seven-headed hydra
 10989 | Lair:1   | Killed a seven-headed hydra
 11465 | Lair:2   | Killed from afar by a meliai

Illustrated notes

Levels and vault maps discovered:
D:1:      saegor_arrival_simple_e, layout_basic, minmay_heptomino_d4
D:2:      layout_basic, basic_altar
D:3:      layout_rooms, amcnicky_altar_gilded, okawaru_altar_gauntlet_db,
          old_standard_altar, mainiacjoe_overflow_tiny_flanked,
          lemuel_round_altar, nicolae_overflow_squiral, serial_forest,
          infiniplex_forest_lined_2, infiniplex_forest_clump_double,
          infiniplex_forest_zigzag_1, infiniplex_forest_corner_2,
          infiniplex_forest_lined_2, shapermc_ecumenical_altar_mp_vishouse
D:4:      layout_basic, minmay_temple_entry_enclosed_plants, serial_shops, shop,
          sigmund_edmund_badplayer
D:5:      layout_cave_pools, serial_shops,
          nicolae_shop_competitors_out_of_business,
          chequers_serial_rivers_marsh, amcnicky_mini_corridor_feature,
          bh_walls_and_bars
D:6:      layout_loops_cross, nicolae_gozag_cash_rules_everything_around_me,
          mainiacjoe_overflow_alcove_1, serial_shops, shop,
          amcnicky_mini_rare_corridor_liquid, minmay_misc_feat_iff
D:7:      layout_basic
D:8:      layout_loops_ring, elyvilon_altar_5, nicolae_ashenzari_skybound,
          erik_lair_dragon, uniq_erica
D:9:      layout_basic, hex_tiny, st_stairs_7, minmay_sticks_and_stones
D:10:     layout_irregular_city, grunt_temple_overflow_growth_and_decay,
          trog_three_pillars_becter, mainiacjoe_overflow_alcove_4, serial_shops,
          shop
Lair:1:   layout_roguey, grunt_megastairs_1
Lair:2:   lemuel_slime, layout_long_grid, hellmonk_spider_entry_not_the_bees,
          serial_bayou_shore_a, grunt_megastairs_2

Skill      XL: |  1  2  3  4  5  6  7  8  9 10 11 12 |
---------------+-------------------------------------+-----
Shields        | 4 5 7 8 9 10 12 | 12.0
Fighting       | 4 5 7 8 9 11 12 | 12.1
Armour         | 4 5 7 8 9 10 12 | 12.1
Maces & Flails | 3 4 5 7 8 9 10 | 10.9

Action                     |  1- 3 |  4- 6 |  7- 9 | 10-12 || total
---------------------------+-------+-------+-------+-------++-------
  Melee: Flail             |   137 |   177 |   258 |   308 ||   880
         Morningstar       |       |       |       |   359 ||   359
 Invoke: Heroism           |       |       |       |    10 ||    10
    Use: Scroll            |       |       |     3 |    12 ||    15
   Stab: Confused          |       |       |       |     1 ||     1
 Armour: Scale mail        |    74 |    40 |       |       ||   114
         Chain mail        |       |    86 |    18 |       ||   104
         Ring mail         |       |       |   145 |   385 ||   530
  Dodge: Dodged            |    38 |    95 |   112 |   290 ||   535
  Block: Buckler           |    31 |    35 |    66 |   199 ||   331

Table legend: (Time is in decaauts)
 A = Elapsed time spent in this place.
 B = Non-inter-level travel time spent in this place.
 C = Inter-level travel time spent in this place.
 D = Time resting spent in this place.
 E = Time spent auto-exploring this place.
 F = Levels seen in this place.
 G = Mean time per level.
                   A        B        C        D        E       F      G
               +--------+--------+--------+--------+--------+-----+--------+
         Total |  11577 |  10992 |    585 |   1370 |   7289 |  12 |  964.8 |
       Dungeon |  10023 |   9464 |    559 |   1040 |   6392 |  10 | 1002.3 |
          Lair |   1553 |   1528 |     25 |    330 |    897 |   2 |  776.5 |
               +--------+--------+--------+--------+--------+-----+--------+

Top non-repeatable levels by time:
     D:9: 1343 daAuts
  Lair:1: 1329 daAuts
     D:8: 1325 daAuts
    D:10: 1266 daAuts
     D:1: 1107 daAuts
     D:2: 1081 daAuts
     D:4: 964 daAuts
     D:3: 884 daAuts
     D:6: 730 daAuts
     D:5: 709 daAuts
     D:7: 610 daAuts
  Lair:2: 224 daAuts
